 Dungeon Crawl Stone Soup version 0.23.2-33-g5129a83184 (webtiles) character file.

Game seed: 17011522184225681723

181 MalarOregon the Digger (level 5, -3/44 (45) HPs)
             Began as a Ghoul Earth Elementalist on July 12, 2019.
             Slain by a scorpion (4 damage)
             ... on level 4 of the Dungeon.
             The game lasted 00:11:25 (4048 turns).

MalarOregon the Digger (Ghoul Earth Elementalist)   Turns: 4048, Time: 00:11:26

HP:   -3/44 (45)    AC:  4    Str: 10 (12) XL:     5   Next: 61%
MP:   0/8           EV: 12    Int:  9 (11) God:
Gold: 91            SH:  0    Dex:  7 (9)  Spells: 6/10 levels left

rFire    . . .     SeeInvis .   q - +1 dagger (pain)
rCold    + . .     Gourm    .   (no shield)
rNeg     + + +     Faith    .   c - +0 robe
rPois    ∞         Spirit   .   (no helmet)
rElec    .         Reflect  .   n - +0 cloak
rCorr    .         Harm     .   l - +0 pair of gloves
MR       .....                  (no boots)
Stlth    ++........             (no amulet)
HPRegen  0.00/turn              (no ring)
MPRegen  0.11/turn              (no ring)

@: about to teleport, very slightly contaminated, rotting, hasted (expiring),
very quick
A: rotting body, claws 1, carnivore, cold resistance 1, negative energy
resistance 3, inhibited regeneration, torment resistance, unbreathing
a: no special abilities


You were on level 4 of the Dungeon.
You were hungry.

You visited 1 branch of the dungeon, and saw 4 of its levels.

You collected 91 gold pieces.

Inventory:

Hand Weapons
 q - a +1 dagger of pain (weapon)
   (You found it on level 3 of the Dungeon)
Armour
 c - a +0 robe (worn)
 l - a +0 pair of gloves (worn)
   (You found it on level 2 of the Dungeon)
 n - a +0 cloak (worn)
   (You found it on level 2 of the Dungeon)
Scrolls
 a - a scroll of noise {unknown}
 b - a scroll of magic mapping {unknown}
 g - 4 scrolls of identify {unknown}
 i - a scroll of amnesia {unknown}
Potions
 f - 2 potions of flight
 h - a potion of berserk rage {unknown}
 o - a potion of curing {@q1}
 p - a potion of might {unknown}
Comestibles
 e - 5 rations {!d}


   Skills:
 + Level 3.0 Fighting
 - Level 1.7 Dodging
 - Level 2.1 Stealth
 + Level 3.0 Spellcasting
 + Level 1.6 Conjurations
   Level 0.8 Transmutations
 - Level 4.0 Earth Magic


You had 6 spell levels left.
You knew the following spells:

 Your Spells              Type           Power        Failure   Level  Hunger
a - Sandblast             Erth           #.....       6%          1    ##.....
x - Stone Arrow           Conj/Erth      #.....       28%         3    ####...

Your spell library contained the following spells:

 Spells                   Type           Power        Failure   Level  Hunger
 Passwall                 Tmut/Erth      #.......     17%         2    ###....
 Corpse Rot               Necr           N/A          41%         2    ###....
 Petrify                  Tmut/Erth      #.......     73%         4    #####..
 Leda's Liquefaction      Hex/Erth       #.........   78%         4    #####..
 Lee's Rapid Deconstruct  Erth           #.........   85%         5    ######.
 Summon Forest            Summ/Tloc      #.........   100%        5    ######.
 Summon Hydra             Summ           #.........   100%        7    #######
 Hydra Form               Tmut           Unusable     N/A         6    N/A

Dungeon Overview and Level Annotations

Branches:
Dungeon (4/15)
 Temple: D:4-7

Altars:
Ashenzari
Cheibriados
Dithmenos
Gozag
Wu Jian
The Shining One

Annotations:
D:3 Sigmund


Innate Abilities, Weirdness & Mutations

Your body is rotting away.
You thrive on raw meat.
You are immune to poison.
You have sharp fingernails.
You are carnivorous and can eat meat at any time.
Your flesh is cold resistant. (rC+)
You are immune to negative energy. (rN+++)
You do not regenerate when monsters are visible.
You are immune to unholy pain and torment.
You can survive without breathing.


Message History

t - Shout!
Orders for allies: a - Attack new target. p - Attack previous target. r - Retreat! s - Stop attacking. g - Guard the area. f - Follow me.
Anything else - Cancel.
Okay, then.
Unknown command.
You now have 91 gold pieces (gained 14).
You open the door.
There is an open door here.
You close the door.
An orc opens the door.
An orc is nearby!
You open the door.
There is an open door here.
Aim: an orc, wielding a +0 club The stone arrow hits the orc!
You kill the orc!
Your Fighting skill increases to level 3!
You are feeling hungry.
Things that are here:
a +0 club; a +0 hunting sling You close the door.
There isn't anything to butcher here.
You don't have enough magic to cast that spell.
The scorpion stings you!
* * * LOW HITPOINT WARNING * * *
An orc opens the door.
There is an open door here.
The orc shouts!
You don't have enough magic to cast that spell.
It was a potion of lignification.
You feel woody for a moment.
Your extra speed is starting to run out.
Your magical contamination has completely faded away.
You don't have enough magic to cast that spell.
As you read the scroll of teleportation {@r4}, it crumbles to dust.
You feel strangely unstable. The orc completely misses you.
The orc priest shouts!
You hit the orc. The orc hits you with a +0 falchion.
* * * LOW HITPOINT WARNING * * *
The scorpion closely misses you.
Aim: a scorpion You miscast Stone Arrow.
You are very lightly contaminated with residual magic.
You feel gritty.
You feel your flesh rotting away.
It was a potion of degeneration.
There was something very wrong with that liquid.
You feel weakened.
You feel dopey.
You feel clumsy. The orc hits you but does no damage. The scorpion stings you.
You die...

##### #...#
#.#.# #.#o#
#####s#.#
#.....#.#
###.#.#.#s#
#.......#@#
#.##'##a#o#
#.#...#..a#
#.#.8.#..##
#.#)..#..#
#.##o##..#
#..ao....#
###......#
#....####


You could see a scorpion, a worker ant and 2 orcs.

Vanquished Creatures
  10 adders
  3 worms (D:2)
  3 dart slugs
  An orc (D:4)
  3 giant cockroaches
  11 goblins
  3 hobgoblins
  11 jackals
  7 kobolds
  2 quokkas
  11 bats
  6 frilled lizards
  10 rats
81 creatures vanquished.

Notes
Turn   | Place    | Note
-------+----------+-------------------------------------------
     0 | D:1      | MalarOregon the Ghoul Earth Elementalist began the quest
                  | for the Orb.
     0 | D:1      | Reached XP level 1. HP: 14/14 MP: 2/2
   297 | D:1      | Reached XP level 2. HP: 22/22 MP: 2/4
   438 | D:1      | Reached skill level 1 in Fighting
   848 | D:1      | Reached XP level 3. HP: 25/28 MP: 2/5
  1408 | D:2      | Learned a level 3 spell: Stone Arrow
  1545 | D:2      | Reached skill level 4 in Earth Magic
  1573 | D:2      | Reached XP level 4. HP: 29/36 MP: 1/6
  1873 | D:2      | Reached skill level 1 in Conjurations
  2251 | D:2      | Reached XP level 5. HP: 42/42 MP: 3/8
  2439 | D:3      | Noticed Sigmund
  2636 | D:3      | Found a snail-covered altar of Cheibriados.
  3839 | D:4      | Found an ornate altar of the Wu Jian Council.
  3842 | D:4      | Noticed a phantom
  3847 | D:4      | Found a shadowy altar of Dithmenos.
  3866 | D:4      | Noticed an ogre
  3881 | D:4      | Found a shattered altar of Ashenzari.
  3888 | D:4      | Found an opulent altar of Gozag.
  3966 | D:4      | Found a glowing golden altar of the Shining One.
  4046 | D:4      | HP: 1/45 [orc/+0 falchion (5)]
  4048 | D:4      | Slain by a scorpion

Skill      XL: |  1  2  3  4  5 |
---------------+----------------+-----
Spellcasting   | 2 3 |  3.0
Fighting       | 1 2 3 |  3.0
Earth Magic    | 4 |  4.0
Conjurations   | 1 |  1.6
Dodging        | |  1.7
Stealth        | |  2.1
Transmutations | |  0.8

Action                   |  1- 3 |  4- 6 || total
-------------------------+-------+-------++-------
Melee: Unarmed           |    33 |     3 ||    36
       Dagger            |       |    42 ||    42
 Cast: Sandblast         |    52 |    71 ||   123
       Stone Arrow       |       |    13 ||    13
  Use: Potion            |       |     5 ||     5
       Scroll            |       |     2 ||     2
  Eat: Chunk             |     3 |    11 ||    14
Armor: Robe              |     6 |    28 ||    34
Dodge: Dodged            |    41 |    88 ||   129
